 Dungeon Crawl Stone Soup version 0.29.1-debian-1-gc3f1650bb9 (webtiles) character file.

Game seed: 8172734715752601140

50 NinjaNoafa the Chopper (level 3, 0/34 HPs)
             Began as a Hill Orc Monk on Sept 12, 2022.
             Slain by an ogre
             ... wielding a +0 giant spiked club
              (19 damage)
             ... on level 3 of the Dungeon.
             The game lasted 00:02:39 (2760 turns).

NinjaNoafa the Chopper (Hill Orc Monk)              Turns: 2760, Time: 00:02:40

Health: 0/34       AC:  3    Str: 14 (15) XL:     3   Next: 79%
Magic:  3/3        EV: 12    Int:  7 (10) God:
Gold:   153        SH:  0    Dex: 11 (13) Spells: 2/2 levels left

rFire   . . .      SeeInvis .   a - +0 hand axe
rCold   . . .      Faith    .   (no shield)
rNeg    + . .      Spirit   .   i - +0 leather armour
rPois   .          Reflect  .   (no helmet)
rElec   .          Harm     .   (no cloak)
rCorr   .          Rampage  .   (no gloves)
Will    .....                   (no boots)
Stlth   +.........              (no amulet)
HPRegen 0.11/turn               h - ring of positive energy
MPRegen 0.08/turn               (no ring)

@: no status effects
A: no striking features
a: no special abilities


You were on level 3 of the Dungeon.
You visited 1 branch of the dungeon, and saw 4 of its levels.

You collected 153 gold pieces.

Inventory:

Hand Weapons
 a - a +0 hand axe (weapon)
Missiles
 d - 24 stones (quivered)
Armour
 i - a +0 leather armour (worn)
Jewellery
 h - a ring of positive energy (left hand)
Scrolls
 b - a scroll of enchant weapon {unknown}
 e - a scroll of teleportation {unknown}
 f - 4 scrolls of identify {unknown}
 g - a scroll of fog {unknown}


   Skills:
 + Level 4.3 Fighting
 + Level 4.8 Axes
 + Level 1.9 Armour
 - Level 2.4 Dodging
 - Level 1.5 Stealth


You had 2 spell levels left.
You didn't know any spells.
Your spell library was empty.

Dungeon Overview and Level Annotations

Branches:
Dungeon (4/15)
 Temple: D:4-7

Altars:

Shops:
D:2 *


Message History

The hobgoblin hits you but does no damage.
You hit the hobgoblin but do no damage.
The hobgoblin is severely wounded.
The hobgoblin hits you but does no damage. x2
You hit the hobgoblin.
You kill the hobgoblin!
You hit the ogre.
The ogre is lightly wounded.
The ogre closely misses you.
You barely miss the ogre.
The ogre is lightly wounded.
You hit the ogre.
The ogre is moderately wounded.
The ogre hits you with a +0 giant spiked club!!
Ouch! That really hurt!
You are confused.
You feel invigorated. The ogre closely misses you.
You're too confused to move!
You slash the ogre!
The ogre is severely wounded.
The ogre barely misses you.
You're too confused to move!
The ogre barely misses you.
You feel less invigorated.
You feel less confused.
You hit the ogre.
The ogre is severely wounded.
The ogre misses you.
You hit the ogre.
The ogre is severely wounded.
The ogre barely misses you.
You hit the ogre but do no damage.
The ogre is severely wounded.
You hit the ogre.
The ogre is almost dead.
The ogre hits you with a +0 giant spiked club!
You barely miss the ogre.
The ogre is almost dead.
The ogre hits you with a +0 giant spiked club!!
Ouch! That really hurt!
You die...

#....+ ###.##
. #.# .. #.#
... #.# ....
###'### .....
#$....#
......#.....#
).......O@..#
.####.#.#+###
#.#.. . ####
#


You could see an ogre.

Vanquished Creatures
  2 adders (D:2)
  A worm (D:2)
  2 bats
  An endoplasm (D:1)
  6 goblins
  2 hobgoblins
  2 kobolds
  5 ball pythons
  3 frilled lizards
  6 rats
30 creatures vanquished.

Notes
Turn   | Place    | Note
-------+----------+-------------------------------------------
     0 | D:1      | NinjaNoafa the Hill Orc Monk began the quest for the Orb.
     0 | D:1      | Reached XP level 1. HP: 19/19 MP: 1/1
   475 | D:1      | Reached XP level 2. HP: 27/27 MP: 2/2
   544 | D:1      | Reached skill level 1 in Armour
  1305 | D:2      | Reached XP level 3. HP: 20/33 MP: 3/3
  1529 | D:2      | Found Onudamuq's Assorted Antiques.
  1858 | D:2      | You fall into a shaft and drop 2 floors!
  2084 | D:4      | Noticed an ogre
  2740 | D:3      | Noticed an ogre
  2760 | D:3      | Slain by an ogre

Illustrated notes

Levels and vault maps discovered:
D:1:      saegor_arrival_simple_b, layout_basic, chequers_serial_rivers_small_a,
          minmay_misc_feat_columns, nicolae_figureground_sparkle
D:2:      layout_loops_cross, serial_shops, nicolae_shop_advertising_works
          [nicolae_subvault_shop_adworks], patterned_corridor
D:3:      layout_basic, uniq_grinder
D:4:      layout_loops_cross, minmay_temple_entry_waves, ebering_ghost_sewer_f,
          uniq_eustachio, uniq_duvessa

Skill      XL: |  1  2 |
---------------+-------+-----
Armour         | 1 |  1.9
Fighting       | 4 |  4.3
Axes           | |  4.8
Dodging        | |  2.4
Stealth        | |  1.5

Action                   || total
-------------------------++-------
Melee: Hand axe          ||   100
       Punch             ||     1
  Use: Potion            ||     3
 Stab: Sleeping          ||     3
Armor: Robe              ||     8
       Leather armour    ||    13
Dodge: Dodged            ||    65
